 Dungeon Crawl Stone Soup version 0.29-a0-520-gc852659d43 (webtiles) character file.

Game seed: 5457520244814241943

9535 HoaS the Quickloader (level 11, -3/76 HPs)
             Began as a Kobold Hunter on May 31, 2022.
             Slain by a sixfirhy (10 damage)
             ... summoned by an orc high priest
             ... on level 2 of the Orcish Mines.
             The game lasted 00:27:58 (13952 turns).

HoaS the Quickloader (Kobold Hunter)               Turns: 13952, Time: 00:27:58

Health: -3/76      AC: 14    Str:  8 (9)  XL:     11   Next: 76%
Magic:  11/11      EV: 23    Int: 11      God:
Gold:   2104       SH:  0    Dex: 21 (22) Spells: 10/10 levels left

rFire   . . .      SeeInvis .   a - +2 hand crossbow
rCold   . . .      Faith    .   (no shield)
rNeg    . . .      Spirit   .   r - +1 troll leather armour
rPois   .          Reflect  .   u - +0 helmet
rElec   .          Harm     .   b - +2 cloak {Will+}
rCorr   +          Rampage  .   (no gloves)
Will    +....                   s - +0 pair of boots
Stlth   ++++......              (no amulet)
HPRegen 1.02/turn               m - ring of resist corrosion
MPRegen 0.12/turn               o - +4 ring of protection

@: no status effects
A: small, no large weapons, nightstalker 3, deterioration 1
a: no special abilities


You were on level 2 of the Orcish Mines.
You visited 3 branches of the dungeon, and saw 12 of its levels.

You collected 2169 gold pieces.
You spent 65 gold pieces at shops.

Inventory:

Hand Weapons
 a - a +2 hand crossbow (weapon)
Missiles
 y - 2 throwing nets
Armour
 b - a +2 cloak of willpower (worn)
 r - a +1 troll leather armour (worn)
 s - a +0 pair of boots (worn)
 u - a +0 helmet (worn)
Jewellery
 d - a ring of ice
 f - a ring of see invisible
 i - a ring of ice
 j - a ring of positive energy
 k - a ring of positive energy
 m - a ring of resist corrosion (left hand)
 o - a +4 ring of protection (right hand)
 D - a ring of poison resistance
Wands
 h - a wand of polymorph (19)
Scrolls
 c - 4 scrolls of immolation
 n - a scroll of blinking
 v - a scroll of fear
Potions
 e - 3 potions of lignification
 g - 4 potions of curing
 p - a potion of resistance
 t - a potion of might
 w - a potion of heal wounds
 x - a potion of attraction {unknown}
 z - a potion of flight {unknown}
 A - a potion of mutation {unknown}
 C - a potion of berserk rage {unknown}


   Skills:
 * Level 11.9 Fighting
 * Level 12.6 Crossbows
 * Level 12.2 Dodging
 - Level 6.0 Stealth


You had 10 spell levels left.
You didn't know any spells.
Your spell library contained the following spells:

 Spells                   Type           Power      Damage    Failure   Level
 Call Canine Familiar     Summ           0%         N/A       83%         3
 Portal Projectile        Hex/Tloc       0%         N/A       83%         3
 Leda's Liquefaction      Hex/Erth       0%         N/A       99%         4


Dungeon Overview and Level Annotations

Branches:
Dungeon (9/15)             Temple (1/1) D:7             Orc (2/2) D:9
   Lair: D:8-11         Elf: Orc:2

Altars:
Ashenzari
Cheibriados
Dithmenos
Elyvilon
Fedhas
Gozag
Hepliaklqana
Kikubaaqudgha
Nemelex Xobeh
Okawaru
Qazlal
Ru
Sif Muna
Trog
Uskayaw
Vehumet
Wu Jian
Xom
Yredelemnul
Zin
The Shining One
Beogh

Shops:
D:3 [   D:9 =   Orc:2 (!*

Portals:
Abyss: D:8

Annotations:
D:8 2 transporters, QuickerDeath's ghost, novice OpVM
D:9 3 runed translucent doors, robertstho's ghost, journeyman DjFE


Innate Abilities, Weirdness & Mutations

You are small and have problems with some larger weapons.
You are completely attuned to the shadows.
Your body sometimes deteriorates upon taking damage.


Message History

You shoot a bolt.
The bolt hits the orc high priest but does no damage.
The orc high priest is severely wounded.
The orc high priest completely misses you.
The orange demon completely misses you.
Shoot: a) +2 hand crossbow
Press: ? - help, Q - select action, (/) - cycle Shift-Dir - straight line, f/p - orc high priest
Aim: an orc high priest, wielding a +0 flail and wearing a +0 leather armour (severely wounded, 69% to hit)
You shoot a bolt. The bolt hits the orc high priest!
The orc high priest is severely wounded.
The orc high priest hits you with a +0 flail!
The orange demon completely misses you.
Shoot: a) +2 hand crossbow
Press: ? - help, Q - select action, (/) - cycle Shift-Dir - straight line, f/p - orc high priest
Aim: an orc high priest, wielding a +0 flail and wearing a +0 leather armour (severely wounded, 69% to hit)
You shoot a bolt.
The bolt closely misses the orc high priest.
The bolt hits the orange demon!
The orange demon is moderately wounded.
The sixfirhy barely misses you. The sixfirhy hits you! The sixfirhy shocks you!
The orc high priest calls down the wrath of Beogh upon you.
You easily resist.
The orange demon stings you but does no damage.
The sixfirhy barely misses you.
Shoot: a) +2 hand crossbow
Press: ? - help, Q - select action, (/) - cycle Shift-Dir - straight line, f/p - orc high priest
Aim: an orc high priest, wielding a +0 flail and wearing a +0 leather armour (severely wounded, 69% to hit)
You shoot a bolt.
The bolt closely misses the orc high priest.
The bolt hits the orange demon!
The orange demon is heavily wounded.
The sixfirhy barely misses you. The sixfirhy misses you.
The sixfirhy closely misses you. The sixfirhy completely misses you.
The orc high priest calls down the wrath of Beogh upon you.
Beogh smites you!
* * * LOW HITPOINT WARNING * * *
The sixfirhy completely misses you. The sixfirhy hits you!
* * * LOW HITPOINT WARNING * * *
The sixfirhy shocks you!
You die...

#.o#
#oo#
#..#
#..#
#.....
#.....
#..4..
#3o#
#@3#
#..#
#..#
#..#
#..#


You could see an orc high priest, an orange demon (summoned) and 2 sixfirhies.

Vanquished Creatures
  2 two-headed ogres (D:9)
  An orc sorcerer (Orc:2)
  2 cyclopes (Orc:2)
  A kobold demonologist (D:9)
  A troll (D:9)
  A hornet (D:9)
  3 yaks (D:9)
  A wyvern (D:9)
  A steam dragon (D:7)
  Menkaure (D:7)
  A warg (Orc:1)
  A water moccasin (D:9)
  2 sky beasts
  An ice beast (D:6)
  10 orc warriors
  6 ogres
  A centaur (D:8)
  A kobold brigand (D:5)
  2 phantoms
  A bullfrog (D:8)
  A necrophage (D:5)
  13 scorpions
  15 killer bees
  3 howler monkeys
  3 jellies
  Crazy Yiuf (D:5)
  13 orc priests
  6 hounds
  3 gnoll shamans
  23 orc wizards
  3 iguanas
  15 gnolls
  8 adders
  4 shadow imps
  4 white imps
  2 ufetubi (D:5)
  A worm (D:2)
  A dart slug (D:2)
  78 orcs
  4 endoplasms
  2 giant cockroaches (D:5)
  4 goblins
  6 hobgoblins
  2 jackals (D:4)
  7 ball pythons
  4 bats (D:2)
  5 frilled lizards
  16 kobolds
  2 rats
289 creatures vanquished.

Vanquished Creatures (others)
  2 gnolls (D:7)
2 creatures vanquished.

Grand Total: 291 creatures vanquished

Notes
Turn   | Place    | Note
-------+----------+-------------------------------------------
     0 | D:1      | HoaS the Kobold Hunter began the quest for the Orb.
     0 | D:1      | Reached XP level 1. HP: 12/12 MP: 1/1
   389 | D:1      | Reached XP level 2. HP: 17/17 MP: 2/2
   652 | D:2      | Reached XP level 3. HP: 9/21 MP: 3/3
   886 | D:2      | Reached XP level 4. HP: 26/26 MP: 4/4
  1495 | D:2      | Found a faded altar of an unknown god.
  1535 | D:2      | Reached XP level 5. HP: 30/30 MP: 5/5
  1539 | D:2      | Found a basalt altar of Yredelemnul.
  2157 | D:3      | Found a glowing silver altar of Zin.
  2497 | D:3      | Found Icisat's Antique Armour Boutique.
  2684 | D:3      | Reached XP level 6. HP: 35/35 MP: 6/6
  3681 | D:4      | Identified the +1 leather armour of Deyfuso {*Corrode rPois
                  | Stlth+}
  3794 | D:4      | Found a stormy altar of Qazlal.
  3803 | D:4      | Reached skill level 10 in Crossbows
  3894 | D:4      | Reached XP level 7. HP: 30/40 MP: 7/7
  4779 | D:5      | Entered Level 5 of the Dungeon
  5177 | D:5      | Found a runed translucent door.
  5325 | D:5      | Reached skill level 5 in Fighting
  5325 | D:5      | Reached XP level 8. HP: 38/49 MP: 8/8
  5419 | D:5      | Found a runed translucent door.
  5422 | D:5      | Noticed Crazy Yiuf
  5953 | D:5      | Found a basalt altar of Yredelemnul.
  5953 | D:5      | Found a hide-covered altar of Uskayaw.
  6320 | D:5      | Found a runed translucent door.
  6654 | D:5      | Reached skill level 5 in Dodging
  6888 | D:5      | Killed Crazy Yiuf
  7498 | D:6      | Reached XP level 9. HP: 57/57 MP: 9/9
  7513 | D:6      | Found a blossoming altar of Fedhas.
  7845 | D:6      | Identified a scroll of acquirement
  7845 | D:6      | Acquired 816 gold pieces
  8104 | D:6      | Found the +1 Delatra's gloves {ID++}
  8187 | D:6      | Found a snail-covered altar of Cheibriados.
  8879 | D:7      | Noticed Menkaure
  8935 | D:7      | Reached skill level 10 in Fighting
  8948 | D:7      | Reached XP level 10. HP: 57/68 MP: 10/10
  9310 | D:7      | Killed Menkaure
  9535 | D:7      | Reached skill level 10 in Dodging
  9655 | D:7      | Found a white marble altar of Elyvilon.
  9927 | D:7      | Found a staircase to the Ecumenical Temple.
 10378 | Temple   | Entered the Ecumenical Temple
 10957 | D:8      | Found an ornate altar of the Wu Jian Council.
 11003 | D:8      | Found a one-way gate to the infinite horrors of the Abyss.
 11003 | D:8      | Noticed QuickerDeath's ghost (novice OpVM)
 11020 | D:8      | Noticed a green ugly thing
 11035 | D:8      | Found a transporter.
 11038 | D:8      | Found a transporter.
 11653 | D:9      | Found a hazy altar of Hepliaklqana.
 11671 | D:9      | Noticed a two-headed ogre
 11682 | D:9      | Killed a two-headed ogre
 12066 | D:9      | Noticed a kobold demonologist
 12073 | D:9      | Gained mutation: Your body sometimes deteriorates upon
                  | taking damage. [a neqoxec]
 12124 | D:9      | Killed a kobold demonologist
 12125 | D:9      | Reached XP level 11. HP: 73/73 MP: 11/11
 12194 | D:9      | Reached skill level 5 in Stealth
 12293 | D:9      | Found a staircase to the Orcish Mines.
 12436 | D:9      | Found a runed translucent gate.
 12436 | D:9      | Found a runed translucent gate.
 12436 | D:9      | Found a runed translucent gate.
 12438 | D:9      | Noticed robertstho's ghost (journeyman DjFE)
 12441 | D:9      | Noticed a two-headed ogre
 12453 | D:9      | Killed a two-headed ogre
 12467 | D:9      | Found Unizinun's Jewellery Boutique.
 12889 | Orc:1    | Entered Level 1 of the Orcish Mines
 13456 | Orc:2    | Entered Level 2 of the Orcish Mines
 13472 | Orc:2    | Found Iwonady's Distillery.
 13477 | Orc:2    | Bought a potion of heal wounds for 65 gold pieces
 13487 | Orc:2    | Found Icwef's Antique Weapon Shop.
 13526 | Orc:2    | Noticed a cyclops
 13534 | Orc:2    | Killed a cyclops
 13612 | Orc:2    | Found Yzerusuo's General Store.
 13679 | Orc:2    | Noticed a cyclops
 13689 | Orc:2    | Killed a cyclops
 13793 | Orc:2    | Noticed an orc high priest
 13795 | Orc:2    | Noticed an orc sorcerer
 13795 | Orc:2    | Noticed an orc sorcerer
 13909 | Orc:2    | Killed an orc sorcerer
 13948 | Orc:2    | Noticed a sixfirhy
 13948 | Orc:2    | Noticed a sixfirhy
 13952 | Orc:2    | Slain by a sixfirhy

Illustrated notes

Levels and vault maps discovered:
D:1:      heliophobic_arrival_glass_houses, layout_rooms, serial_park_tiny_pond
D:2:      layout_loops_ring, nicolae_ecumenical_snake_handling, basic_altar
D:3:      layout_loops_corners, amcnicky_altar_gilded, serial_shops, shop,
          kennysheep_orc_chapel
D:4:      layout_basic, mainiacjoe_overflow_six_doors_small
D:5:      lemuel_insect_pit, layout_basic, gammafunk_temple_overflow_wave,
          uniq_crazy_yiuf_cottage
D:6:      minmay_general_purpose_star, layout_rooms, old_standard_altar,
          mainiacjoe_overflow_catwalk, minmay_misc_feat_x,
          pf_guarded_unrand_delatra
D:7:      layout_layer_cave, lemuel_tele_altar, nicolae_elyvilon_peaceful_grove,
          lemuel_temple_firewalk_a, uniq_menkaure
D:8:      layout_gridville, marbit_many_paths, gammafunk_ghost_abyssal_escape
D:9:      layout_long_grid, lemuel_crystal_altar, hiddenorc2_lemuel,
          serial_shops, nicolae_square_shop, gammafunk_ghost_nasty_kobolds
Temple:   nicolae_temple_hex_pool
Orc:1:    layout_caves
Orc:2:    st_orc_mages, layout_diamond_mine, serial_shops,
          nicolae_shop_statue_plus, nicolae_square_shop, nicolae_lakefront_shop

Skill      XL: |  1  2  3  4  5  6  7  8  9 10 11 |
---------------+----------------------------------+-----
Crossbows      | 6 7 9 10 11 12 | 12.6
Stealth        | 2 3 4 6 |  6.0
Fighting       | 5 7 10 11 | 11.9
Dodging        | 4 6 8 11 12 | 12.2

Action                   |  1- 3 |  4- 6 |  7- 9 | 10-12 || total
-------------------------+-------+-------+-------+-------++-------
 Fire: Hand crossbow     |    42 |   179 |   489 |   655 ||  1365
Throw: Throwing net      |       |       |     1 |       ||     1
  Use: Scroll            |     3 |     6 |     7 |     8 ||    24
       Potion            |       |       |     3 |     6 ||     9
Armor: Leather armour    |     2 |     6 |    51 |    46 ||   105
       Troll leather arm |       |       |       |   117 ||   117
Dodge: Dodged            |    10 |    42 |   250 |   721 ||  1023

Table legend: (Time is in decaauts)
 A = Elapsed time spent in this place.
 B = Non-inter-level travel time spent in this place.
 C = Inter-level travel time spent in this place.
 D = Time resting spent in this place.
 E = Time spent auto-exploring this place.
 F = Levels seen in this place.
 G = Mean time per level.
                   A        B        C        D        E       F      G
               +--------+--------+--------+--------+--------+-----+--------+
         Total |  14013 |  13226 |    787 |   3557 |   7417 |  12 | 1167.8 |
       Dungeon |  12833 |  12116 |    717 |   3453 |   6689 |   9 | 1425.9 |
        Temple |    200 |    146 |     54 |      0 |    135 |   1 |  200.0 |
  Orcish Mines |    979 |    964 |     15 |    104 |    593 |   2 |  489.5 |
               +--------+--------+--------+--------+--------+-----+--------+

Top non-repeatable levels by time:
     D:5: 2621 daAuts
     D:3: 1691 daAuts
     D:7: 1665 daAuts
     D:6: 1248 daAuts
     D:8: 1231 daAuts
     D:4: 1167 daAuts
     D:9: 1121 daAuts
     D:1: 1108 daAuts
     D:2: 977 daAuts
   Orc:2: 500 daAuts
   Orc:1: 478 daAuts
  Temple: 200 daAuts
